 Dungeon Crawl Stone Soup version 0.30-a0-297-g0ec75d9ef4 (webtiles) character file.

Game seed: 4096908745880116743

172418 scionoferis the Zephyrmancer (level 18, 0/120 HPs)
             Began as a Human Hexslinger on Oct 18, 2022.
             Was the Champion of Hepliaklqana.
             Slain by a shock serpent (6 damage)
             ... on level 2 of the Snake Pit.
             The game lasted 03:39:34 (39681 turns).

scionoferis the Zephyrmancer (Human Hexslinger)    Turns: 39681, Time: 03:39:36

Health: 0/120      AC: 18    Str: 14 (19) XL:     18   Next: 37%
Magic:  0/34       EV: 12    Int: 31      God:    Hepliaklqana [******]
Gold:   2457       SH:  6    Dex: 13      Spells: 17/41 levels left

rFire   + . .      SeeInvis .    a - +8 scimitar "Jytwafuz" {pain, rElec Str+6}
rCold   . . .      Faith    .    B - +2 buckler
rNeg    + . .      Spirit   .    b - +2 scale mail {rF+}
rPois   +          Reflect  .    E - +2 helmet {Int+3}
rElec   +          Harm     .    j - scarf {repulsion}
rCorr   .          Rampage  .    t - +0 pair of gloves
Will    +....                    p - +1 pair of boots of Inuokic {rN+}
Stlth   ..........               U - amulet of magic regeneration
HPRegen 0.40/turn                F - ring of poison resistance
MPRegen 0.64/turn                S - +6 ring of intelligence

@: about to teleport, on blink cooldown, very heavily contaminated, glowing,
studying Unarmed Combat, repel missiles
A: reduced essence, clever 1, inability to read after injury 1, MP-powered wands
}: 1/15 runes: decaying
a: Renounce Religion, Recall Ancestor, Ancestor Identity, Transference, Idealise


You were on level 2 of the Snake Pit.
You worshipped Hepliaklqana.
Hepliaklqana was exalted by your worship.
You visited 6 branches of the dungeon, and saw 29 of its levels.
You also visited: Sewer, Ossuary and Gauntlet.

You collected 3332 gold pieces.
You spent 875 gold pieces at shops.

Inventory:

Hand Weapons
 a - the +8 scimitar "Jytwafuz" (weapon) {pain, rElec Str+6}
   (You bought it in a shop on level 5 of the Dungeon)

   In the hands of one skilled in necromantic magic, it inflicts extra damage on
   living creatures.
   Str:       It affects your strength (+6).
   rElec:     It insulates you from electricity.
 f - a +4 scimitar of flaming
Missiles
 e - 26 poisoned darts
 g - 3 curare-tipped darts
 O - 16 boomerangs (quivered)
 T - 4 atropa-tipped darts
Armour
 b - a +2 scale mail of fire resistance (worn)
 j - a scarf of repulsion (worn)
 m - a +0 cloak of willpower
 p - the +1 pair of boots of Inuokic (worn) {rN+}
   (You found it in a Gauntlet)

   rN:        It protects you from negative energy.
 t - a +0 pair of gloves (worn)
 B - a +2 buckler (worn)
 E - a +2 helmet of intelligence (worn)
Jewellery
 i - a ring of willpower
 v - the ring "Toschasuri" {Str+6 Int+4}
   (You took it off a hobgoblin on level 2 of the Dungeon)

   [ring of strength]

   Str:       It affects your strength (+6).
   Int:       It affects your intelligence (+4).
 C - a ring of protection from fire
 F - a ring of poison resistance (left hand)
 G - a ring of positive energy
 J - a ring of resist corrosion
 K - a ring of see invisible
 N - a ring of protection from fire
 S - a +6 ring of intelligence (right hand)
 U - an amulet of magic regeneration (around neck)
Wands
 q - a wand of acid (10)
 W - a wand of iceblast (54)
 Y - a wand of digging (13)
Scrolls
 o - 6 scrolls of summoning
 u - 5 scrolls of blinking
 x - 6 scrolls of fear
 A - 10 scrolls of teleportation
 M - 5 scrolls of butterflies
 X - 2 scrolls of magic mapping
Potions
 c - 3 potions of resistance
 d - 2 potions of invisibility
 k - 5 potions of might
 r - 8 potions of haste
 s - 4 potions of magic
 D - 7 potions of curing
 V - 6 potions of brilliance
 Z - a potion of cancellation
Miscellaneous
 l - a lightning rod (4/4)
 L - a condenser vane


   Skills:
 - Level 10.0 Fighting
 * Level 12.2 Long Blades
 - Level 2.0 Ranged Weapons
 - Level 10.0 Armour
 - Level 10.0 Dodging
 + Level 2.1 Shields
 - Level 12.0 Spellcasting
 - Level 10.0 Conjurations
 - Level 3.0 Hexes
 - Level 6.0 Summonings
 - Level 3.0 Translocations
 * Level 13.6 Air Magic
 + Level 9.6 Invocations
 - Level 6.0 Evocations


You had 17 spell levels left.
You knew the following spells:

 Your Spells              Type           Power      Damage    Failure   Level
a - Slow                  Hex            100%       N/A       3%          1
b - Call Canine Familiar  Summ           54%        N/A       3%          3
c - Summon Lightning Spi  Summ/Air       68%        N/A       1%          4
d - Airstrike             Air            40%        2d(6-22)  1%          4
e - Arcjolt               Conj/Air       37%        1d47      2%          5
f - Lightning Bolt        Conj/Air       37%        1d56      2%          5
g - Blink                 Tloc           74%        N/A       4%          2

Your spell library contained the following spells:

 Spells                   Type           Power      Damage    Failure   Level
 Summon Small Mammal      Summ           100%       N/A       1%          1
 Poisonous Vapours        Pois/Air       100%       N/A       1%          2
 Mephitic Cloud           Conj/Pois/Air  61%        N/A       1%          3
 Vhi's Electric Charge    Tloc/Air       100%       N/A       1%          3
 Cigotuvi's Dreadful Rot  Necr/Pois/Air  92%        N/A       2%          2
 Dazzling Flash           Conj/Hex       100%       N/A       2%          3
 Kindle Blastsparks       Fire/Tloc/Air  100%       2d18      3%          3
 Stone Arrow              Conj/Erth      98%        3d13      4%          3
 Summon Guardian Golem    Hex/Summ       46%        N/A       5%          3
 Fulminant Prism          Conj/Hex       28%        3d14      8%          4
 Iskenderun's Mystic Bla  Conj/Tloc      56%        2d12      8%          4
 Portal Projectile        Hex/Tloc       74%        N/A       10%         3
 Tukima's Dance           Hex            37%        N/A       10%         3
 Silence                  Hex/Air        31%        N/A       11%         5
 Necrotise                Necr           72%        1d7       12%         1
 Sticky Flame             Conj/Fire      49%        2d7       14%         4
 Sublimation of Blood     Necr           18%        N/A       17%         2
 Wereblood                Tmut           18%        N/A       17%         2
 Inner Flame              Hex/Fire       27%        N/A       19%         3
 Animate Armour           Summ/Erth      74%        N/A       32%         4
 Cause Fear               Hex            18%        N/A       32%         4
 Manifold Assault         Tloc           37%        N/A       32%         4
 Vampiric Draining        Necr           18%        2d7       34%         3
 Irradiate                Conj/Tmut      24%        3d19      38%         5
 Leda's Liquefaction      Hex/Erth       13%        N/A       52%         4
 Maxwell's Capacitive Co  Air            40%        ∞         95%         8
 Agony                    Necr           18%        N/A       97%         5
 Blade Hands              Tmut           9%         N/A       97%         5
 Lee's Rapid Deconstruct  Erth           9%         3d7*      97%         5
 Storm Form               Tmut/Air       28%        N/A       99%         7
 Eringya's Noxious Bog    Tmut/Pois      9%         N/A       100%        6
 Statue Form              Tmut/Erth      12%        N/A       100%        6
 Summon Hydra             Summ           27%        N/A       100%        7
 Lehudib's Crystal Spear  Conj/Erth      24%        10d7      100%        8


Dungeon Overview and Level Annotations

Branches:
Dungeon (15/15)            Temple (1/1) D:4            Lair (5/5) D:8
  Swamp (4/4) Lair:3        Snake (2/4) Lair:2        Slime (0/5) Lair:5
    Orc (2/2) D:11            Elf (0/3) Orc:2        Vaults (0/5) D:13
 Depths (0/4) D:15          Sewer (visited)         Ossuary (visited)
Gauntlet (visited)

Altars:
Ashenzari
Cheibriados
Dithmenos
Elyvilon
Fedhas
Gozag
Hepliaklqana
Kikubaaqudgha
Makhleb
Nemelex Xobeh
Okawaru
Qazlal
Ru
Sif Muna
Trog
Uskayaw
Vehumet
Wu Jian
Xom
Yredelemnul
Zin
The Shining One

Shops:
D:1 *   D:5 (   D:11 [   Orc:2 [:*=

Annotations:
Snake:2 1 transporter


Innate Abilities, Weirdness & Mutations

Your life essence is reduced to manifest your ancestor. (-10% HP)
Your mind is acute. (Int +4, Str/Dex -1)
You occasionally lose the ability to read scrolls when taking damage.
You expend magic power (3 MP) to strengthen your wands.


Message History

The shock serpent shocks you. You resist.
* * * LOW HITPOINT WARNING * * *
You block the salamander's attack. The black mamba bites you!
* * * LOW HITPOINT WARNING * * *
You are poisoned.
The black mamba poisons you! The shock serpent bites you.
* * * LOW HITPOINT WARNING * * *
The shock serpent shocks you. You resist.
* * * LOW HITPOINT WARNING * * *
The shock serpent bites you but does no damage.
You feel better.
The black mamba bites you but does no damage.
The salamander hits you but does no damage.
The shock serpent closely misses you.
The shock serpent shoots out a bolt of lightning at you!
The bolt of electricity hits you! You resist.
* * * LOW HITPOINT WARNING * * *
The bolt of electricity hits the shock serpent.
The shock serpent completely resists.
The bolt of electricity hits the shock serpent.
The shock serpent completely resists.
The bolt of electricity hits you! You resist.
* * * LOW HITPOINT WARNING * * *
The bolt of electricity hits the shock serpent.
The shock serpent completely resists.
The black mamba misses you.
Okay, then.
Unknown command.
Casting: Arcjolt (dangerous; 2% risk of failure)
Confirm with . or Enter, or press ? or * to list all spells.
You blink.
A naga comes into view. It is wielding a +0 trident.
You hear a loud "Zot"!
The shock serpent bites your lightning spire!
The shock serpent shocks your lightning spire.
Your lightning spire completely resists.
You hear a loud "Zot"! x2
The power of Zot is invoked against you!
You are practically glowing with residual magic!
The shock serpent bites you.
You die...

##### #..... #...# ....#
#.#.#.#^# .# #...# #...#
##..^.^.^^ .## #...# ....#
#^.##.#^#^##.^# #.### ....#
#..^^..^.N..# #..# ....#
#^.##.##N.# #..# ....#
#...^S§S## #.)## ....##
#^....8S# ##)).# .....##
#.^^©^^@# ##..))# ......##
######### ##.....# .......#
##### #.†....#
.......#############.....##
............?©.(.........#
..................)......##
..........................#
####.....................##
###..................##


You could see a salamander, 2 shock serpents, a black mamba, a naga and a
friendly lightning spire (summoned).

Vanquished Creatures
  Saint Roka (Orc:2)
  Nessos (Lair:3)
  An eleionoma (Swamp:2)
  A minotaur (Gauntlet)
  A bunyip (Swamp:4)
  An ettin (Orc:2)
  A catoblepas (Gauntlet)
  2 vault guards (D:13)
  6 hydras
  2 ice dragons (Swamp:4)
  2 anacondas
  2 two-headed ogres (D:15)
  2 ghost crabs (Swamp:3)
  An ogre mage (D:15)
  A centaur warrior (D:14)
  2 alligators
  A naga warrior (Snake:2)
  4 death yaks (Lair:3)
  A shock serpent (Snake:1)
  4 orc high priests (Orc:2)
  A naga sharpshooter (Snake:2)
  5 spriggans
  A spriggan berserker (Swamp:4)
  A fire crab (shapeshifter) (D:15)
  4 goliath frogs
  A swamp dragon (Swamp:4)
  A spriggan druid (Swamp:3)
  A necromancer (D:15)
  A wizard (D:14)
  A deep elf pyromancer (D:13)
  An orc knight (Orc:2)
  4 mana vipers
  An orc sorcerer (Orc:2)
  An ugly thing (D:12)
  5 elephants
  A manticore (D:12)
  A cyclops (Orc:2)
  A salamander (Snake:2)
  6 black mambas
  A naga mage (Snake:1)
  A molten gargoyle (Gauntlet)
  2 gargoyles (Gauntlet)
  8 cane toads
  3 kobold demonologists
  2 freezing wraiths (Swamp:4)
  4 komodo dragons
  An efreet (D:14)
  2 trolls
  2 polar bears (Lair:1)
  2 bloated husks
  A meliai (D:15)
  4 hornets
  4 tyrant leeches
  7 slime creatures
  5 blink frogs
  A polar bear (shapeshifter) (D:14)
  A wyvern (Lair:3)
  An unseen horror simulacrum (D:9)
  A nameless horror (D:5)
  A yak (shapeshifter) (D:14)
  23 yaks
  A hog (D:14)
  A human (D:13)
  2 vampire mosquitoes (Lair:5)
  2 steam dragons
  11 nagas
  4 swamp worms
  4 hydra simulacra (Swamp:4)
  5 water moccasins
  A sky beast (D:8)
  A swamp drake (Swamp:2)
  4 orc warriors
  3 ice beasts
  3 black bears
  20 wolves
  8 ogres
  3 centaurs
  A phantom (D:5)
  3 kobold brigands
  3 necrophages
  6 bullfrogs
  A gnoll sergeant (D:10)
  3 scorpions
  4 wights (D:8)
  Dowan (D:6)
  10 killer bees
  4 howler monkeys
  2 electric eels
  A centaur zombie (D:8)
  6 orc priests
  6 hounds
  Jessica (D:2)
  3 orc wizards (D:5)
  3 iguanas
  A hell rat (D:8)
  A mummy (D:7)
  Robin (D:1)
  12 gnolls
  11 adders
  7 river rats
  3 howler monkey simulacra (D:9)
  A white imp (D:7)
  2 ufetubi
  A swamp drake simulacrum (Swamp:4)
  3 worms
  A dart slug (D:3)
  43 orcs
  A spectral bat (Ossuary)
  11 ball pythons
  4 bats
  11 endoplasms
  4 giant cockroaches
  11 hobgoblins
  17 jackals
  13 quokkas
  5 frilled lizards
  6 gnoll zombies (Ossuary)
  13 goblins
  A goblin zombie (Ossuary)
  4 hobgoblin zombies (Ossuary)
  16 kobolds
  2 kobold zombies (Ossuary)
  5 orc zombies (Ossuary)
  11 rats
  A spectral kobold (Ossuary)
  A spectral rat (Ossuary)
  A bush (Lair:1)
508 creatures vanquished.

Vanquished Creatures (collateral kills)
  Gastronok (Lair:3)
  Kirke (D:14)
  The ghost of chamandro the Martial Artist, a journeyman OpTm of Cheibriados (Swamp:4)
  An eleionoma (Swamp:1)
  A minotaur (D:12)
  A bunyip (Swamp:3)
  A fire dragon (D:14)
  2 vault guards (D:13)
  2 ice dragons (Swamp:4)
  A ghost crab (Swamp:3)
  7 hydras
  An anaconda (Snake:2)
  3 two-headed ogres
  The ghost of SirDiesAlot the Thaumaturge, a journeyman DEFE of Vehumet (D:12)
  6 alligators
  2 centaur warriors (D:14)
  A boulder beetle (D:13)
  The ghost of greasedhog the Tainter, a journeyman GrVM of Vehumet (D:10)
  A tengu warrior (D:13)
  A naga warrior (Snake:2)
  A naga sharpshooter (Snake:2)
  An orc high priest (Orc:2)
  8 death yaks
  Lodul (D:10)
  4 goliath frogs
  3 spriggan druids
  A naga ritualist (Snake:1)
  4 bog bodies
  4 swamp dragons
  4 orc knights (Orc:2)
  2 wolf spider zombies (D:15)
  2 deep elf pyromancers
  3 cyclopes (D:15)
  2 orc sorcerers
  4 mana vipers
  8 slime creatures
  An ugly thing (D:12)
  An oklob plant (Lair:1)
  2 salamanders
  A will-o-the-wisp (Swamp:2)
  3 manticores
  6 elephants
  4 black mambas (Snake:1)
  A guardian serpent (Snake:2)
  3 naga magi
  2 torpor snails (Lair:5)
  A centaur skeleton (D:15)
  Maggie (D:10)
  16 cane toads
  An efreet (D:11)
  A rime drake (Lair:4)
  A kobold demonologist (D:12)
  2 freezing wraiths (Swamp:4)
  3 komodo dragons (Lair:4)
  4 trolls
  A bloated husk (Swamp:4)
  2 queen bees
  2 meliai (D:15)
  7 tyrant leeches
  Prince Ribbit (D:6)
  9 hornets
  22 blink frogs
  4 dream sheep (Lair:4)
  6 spriggans
  A hog (D:14)
  A wraith (D:13)
  6 humans (D:13)
  A steam dragon (D:8)
  3 shadows
  3 swamp worm simulacra (Swamp:4)
  30 yaks
  2 basilisks
  4 vampire mosquitoes
  A harpy simulacrum (D:15)
  4 nagas
  2 acid dragons
  A warg (Orc:1)
  9 swamp worms
  Duvessa (D:6)
  7 hydra simulacra (Swamp:4)
  7 water moccasins
  2 swamp drakes (Swamp:1)
  3 ice beasts
  34 orc warriors
  10 ogres
  A black bear (Lair:4)
  33 wolves
  4 centaurs
  3 kobold brigands
  3 gnoll sergeants
  11 bullfrogs
  2 scorpions
  3 wights
  15 killer bees
  4 howler monkeys
  A crimson imp (D:7)
  A wyvern simulacrum (D:9)
  26 orc priests
  2 centaur zombies (D:8)
  A gnoll bouda (D:10)
  2 jellies
  4 iguanas
  14 orc wizards
  A hell rat (D:8)
  The ghost of mdonais the Sneak, a weakling OpDe (D:5)
  A mummy (Ossuary)
  18 gnolls
  5 adders
  A river rat (D:8)
  A shadow imp (D:7)
  An ufetubus (D:5)
  4 swamp drake simulacra (Swamp:4)
  70 orcs
  2 spectral bats (Ossuary)
  An endoplasm (D:4)
  6 gnoll zombies (Ossuary)
  2 goblins
  4 jackals (D:4)
  2 bat simulacra (Ossuary)
  4 goblin simulacra (Ossuary)
  3 goblin zombies (Ossuary)
  2 hobgoblin zombies (Ossuary)
  3 kobolds
  A kobold simulacrum (Ossuary)
  A kobold zombie (Ossuary)
  A rat (D:8)
  5 rat simulacra (Ossuary)
  A rat zombie (D:7)
  3 spectral goblins (Ossuary)
  A spectral rat (Ossuary)
603 creatures vanquished.

Vanquished Creatures (others)
  A human (D:14)
  2 wolves
  27 battlemagi
  4 ancestors
  An orc (D:3)
  2 foxfires (Swamp:2)
  42 fungi
  122 plants
  2 withered plants (D:8)
203 creatures vanquished.

Grand Total: 1314 creatures vanquished

Notes
Turn   | Place    | Note
-------+----------+-------------------------------------------
     0 | D:1      | scionoferis the Human Hexslinger began the quest for the
                  | Orb.
     0 | D:1      | Reached XP level 1. HP: 15/15 MP: 2/2
   116 | D:1      | Reached XP level 2. HP: 13/21 MP: 3/3
   289 | D:1      | Found Zerabaes's Assorted Antiques.
   406 | D:1      | Reached skill level 1 in Armour
   408 | D:1      | Reached XP level 3. HP: 24/27 MP: 4/4
   726 | D:2      | Noticed Robin
   764 | D:2      | Found a blossoming altar of Fedhas.
   856 | D:1      | Killed Robin
  1112 | D:2      | Reached XP level 4. HP: 34/34 MP: 5/5
  1155 | D:1      | Learned a level 3 spell: Call Canine Familiar
  1404 | D:2      | Noticed Jessica
  1411 | D:2      | Killed Jessica
  1412 | D:2      | Reached XP level 5. HP: 40/40 MP: 4/7
  1589 | D:2      | Identified the ring "Toschasuri" {Str+6 Int+4}
  1786 | D:3      | Reached skill level 1 in Summonings
  1790 | D:3      | Found a glowing drain.
  1817 | Sewer    | Entered a sewer
  2255 | Sewer    | Noticed a kobold brigand
  2283 | Sewer    | Killed a kobold brigand
  2284 | Sewer    | Reached XP level 6. HP: 17/47 MP: 7/9
  3143 | D:3      | HP: 2/47 [rat (1)]
  3147 | D:3      | Reached XP level 7. HP: 26/52 MP: 9/11
  3815 | D:1      | Bought a ruby potion for 18 gold pieces
  3815 | D:1      | Bought a scroll labelled BAMEIC RUWUS for 20 gold pieces
  3815 | D:1      | Bought a grey potion for 18 gold pieces
  3815 | D:1      | Bought a bubbling green potion for 18 gold pieces
  3815 | D:1      | Bought a brown potion for 18 gold pieces
  3916 | D:4      | Found a staircase to the Ecumenical Temple.
  4017 | Temple   | Entered the Ecumenical Temple
  5019 | D:4      | Identified the +3 ring mail "Luupp" {rF- rC+ Int+2}
  5111 | D:4      | Reached skill level 5 in Summonings
  5111 | D:4      | Reached XP level 8. HP: 58/58 MP: 3/13
  5909 | D:4      | Reached skill level 5 in Spellcasting
  6625 | D:5      | Entered Level 5 of the Dungeon
  6653 | D:4      | Learned a level 4 spell: Summon Lightning Spire
  6660 | D:5      | Found a runed translucent gate.
  6660 | D:5      | Found a runed translucent gate.
  6662 | D:5      | Found a runed translucent gate.
  6662 | D:5      | Found an opulent altar of Gozag.
  6664 | D:5      | Noticed mdonais's ghost (weakling OpDe)
  6999 | D:5      | Reached skill level 1 in Air Magic
  7187 | D:5      | Reached skill level 2 in Air Magic
  7187 | D:5      | Reached XP level 9. HP: 65/65 MP: 17/17
  7485 | D:5      | Identified the +8 falchion of Xuqer {pain, rN+ Str+6 Int-4}
  7608 | D:5      | Found Xeofref's Antique Weapon Shoppe.
  7681 | D:5      | Reached skill level 3 in Air Magic
  7848 | D:5      | Noticed a nameless horror
  7869 | D:5      | Killed a nameless horror
  8112 | D:6      | Noticed Prince Ribbit
  8137 | D:6      | Killed Prince Ribbit
  8217 | D:6      | Reached skill level 4 in Air Magic
  8825 | D:6      | Learned a level 4 spell: Airstrike
  8835 | D:6      | Noticed Duvessa
  8841 | D:6      | Noticed Dowan
  8848 | D:6      | Killed Duvessa
  8849 | D:6      | Reached skill level 5 in Fighting
  8849 | D:6      | Reached XP level 10. HP: 74/74 MP: 12/19
  8855 | D:6      | Killed Dowan
  8934 | D:6      | Found a blossoming altar of Fedhas.
  9014 | D:6      | Reached skill level 5 in Air Magic
  9167 | D:5      | Bought a smoking scimitar for 171 gold pieces
  9167 | D:5      | Identified the +8 scimitar "Jytwafuz" {pain, rElec Str+6}
                  | (You bought it in a shop on level 5 of the Dungeon)
  9218 | D:5      | Reached skill level 5 in Armour
  9219 | D:5      | Reached skill level 5 in Dodging
  9219 | D:5      | Killed mdonais's ghost
  9221 | D:5      | Reached skill level 1 in Long Blades
  9357 | D:7      | Reached skill level 6 in Air Magic
  9439 | D:7      | Found a sand-covered staircase.
  9447 | Ossuary  | Entered an ossuary
 10015 | D:7      | Found a hazy altar of Hepliaklqana.
 10015 | D:7      | Found a glowing silver altar of Zin.
 10019 | D:7      | Became a worshipper of Hepliaklqana the Forgotten
 10079 | D:7      | Found a snail-covered altar of Cheibriados.
 10298 | D:7      | Reached skill level 7 in Air Magic
 10800 | D:8      | Found a staircase to the Lair.
 10800 | D:8      | Noticed a death yak
 10800 | D:8      | Noticed a death yak
 10800 | D:8      | Noticed a death yak
 10812 | D:8      | Killed a death yak
 10828 | D:7      | Killed a death yak
 10829 | D:7      | Reached XP level 11. HP: 26/80 MP: 16/20
 11081 | D:8      | Killed a death yak
 11082 | D:8      | Reached skill level 5 in Long Blades
 11383 | D:8      | Reached * piety under Hepliaklqana
 11597 | D:8      | Reached skill level 8 in Air Magic
 12286 | D:9      | Paralysed by a hornet for 3 turns
 13173 | D:9      | Reached ** piety under Hepliaklqana
 13174 | D:9      | Remembered your ancestor Eris as a battlemage
 13212 | D:10     | Entered Level 10 of the Dungeon
 13270 | D:10     | Found a runed translucent door.
 13274 | D:10     | Noticed greasedhog's ghost (journeyman GrVM)
 13799 | D:10     | Identified the +10 longbow of Offoguji {vorpal, rElec rF-
                  | SInv Stlth+}
 14028 | D:10     | Noticed Lodul
 14032 | D:10     | Reached XP level 12. HP: 80/80 MP: 23/23
 14041 | D:10     | Killed Lodul
 14313 | D:10     | Noticed Maggie
 14344 | D:10     | Killed Maggie
 14533 | D:10     | Killed greasedhog's ghost
 14731 | D:11     | Found a staircase to the Orcish Mines.
 14895 | D:11     | Noticed a two-headed ogre
 14905 | D:11     | Killed a two-headed ogre
 14906 | D:11     | Reached skill level 9 in Air Magic
 15173 | D:11     | Reached skill level 1 in Invocations
 15207 | D:11     | Found Gifrot's Antique Armour Shoppe.
 15216 | D:11     | Bought a glowing leather armour for 160 gold pieces
 15721 | D:11     | Learned a level 5 spell: Arcjolt
 15735 | D:12     | Reached *** piety under Hepliaklqana
 15788 | D:12     | Found a runed translucent gate.
 15788 | D:12     | Found a runed translucent gate.
 15788 | D:12     | Found a runed translucent gate.
 15789 | D:12     | Noticed SirDiesAlot's ghost (journeyman DEFE)
 15790 | D:12     | Noticed a minotaur
 15877 | D:12     | Reached skill level 1 in Conjurations
 16518 | D:8      | Gained mutation: You occasionally lose the ability to read
                  | scrolls when taking damage. [potion of mutation]
 16518 | D:8      | Gained mutation: You are vulnerable to heat. (rF-) [potion
                  | of mutation]
 16518 | D:8      | Gained mutation: Your movements are slightly less
                  | encumbered by armour. (ER -2) [potion of mutation]
 16519 | D:8      | Lost mutation: You are vulnerable to heat. (rF-) [potion of
                  | mutation]
 16519 | D:8      | Lost mutation: Your movements are slightly less encumbered
                  | by armour. (ER -2) [potion of mutation]
 16519 | D:8      | Gained mutation: You have sharp toenails. [potion of
                  | mutation]
 16519 | D:8      | Gained mutation: Your mind is acute. (Int +4, Str/Dex -1)
                  | [potion of mutation]
 16520 | D:8      | Lost mutation: You have sharp toenails. [potion of
                  | mutation]
 16520 | D:8      | Lost mutation: Your mind is acute. (Int +4, Str/Dex -1)
                  | [potion of mutation]
 16520 | D:8      | Gained mutation: You are partially covered in large bone
                  | plates. (SH +4) [potion of mutation]
 16520 | D:8      | Gained mutation: You have a somewhat thin skeletal
                  | structure. (Dex +2, Stealth+) [potion of mutation]
 16520 | D:8      | Gained mutation: You have large cloven feet. [potion of
                  | mutation]
 16521 | D:8      | Lost mutation: You are partially covered in large bone
                  | plates. (SH +4) [potion of mutation]
 16521 | D:8      | Lost mutation: You have a somewhat thin skeletal structure.
                  | (Dex +2, Stealth+) [potion of mutation]
 16521 | D:8      | Lost mutation: You occasionally lose the ability to read
                  | scrolls when taking damage. [potion of mutation]
 16521 | D:8      | Gained mutation: You occasionally lose the ability to read
                  | scrolls when taking damage. [potion of mutation]
 16521 | D:8      | Gained mutation: You have a pair of small horns on your
                  | head. [potion of mutation]
 16522 | D:8      | Lost mutation: You have large cloven feet. [potion of
                  | mutation]
 16522 | D:8      | Lost mutation: You have a pair of small horns on your head.
                  | [potion of mutation]
 16522 | D:8      | Gained mutation: Your mind is acute. (Int +4, Str/Dex -1)
                  | [potion of mutation]
 16522 | D:8      | Gained mutation: You expend magic power (3 MP) to
                  | strengthen your wands. [potion of mutation]
 16536 | Lair:1   | Entered Level 1 of the Lair of Beasts
 16600 | Lair:1   | Reached XP level 13. HP: 41/88 MP: 8/25
 17483 | Lair:1   | Reached skill level 10 in Air Magic
 17632 | Lair:1   | Reached skill level 5 in Conjurations
 17668 | Lair:1   | Reached **** piety under Hepliaklqana
 18173 | Lair:2   | Found a staircase to the Snake Pit.
 19008 | Lair:3   | Noticed Gastronok
 19016 | Lair:3   | Killed Gastronok
 19161 | Lair:3   | Reached XP level 14. HP: 95/95 MP: 27/27
 19414 | Lair:3   | Noticed Nessos
 19512 | Lair:3   | Killed Nessos
 20132 | Lair:3   | Found a staircase to the Swamp.
 20418 | Lair:4   | Identified the +6 short sword of Zeybof {vorpal, rElec
                  | Will+ Str-3 Stlth+}
 20724 | Lair:4   | Upgraded the game from 0.30-a0-292-g0f741e3f8e to
                  | 0.30-a0-297-g0ec75d9ef4
 20926 | Lair:4   | Reached ***** piety under Hepliaklqana
 21504 | Lair:4   | Reached XP level 15. HP: 103/103 MP: 28/28
 21677 | Lair:5   | Entered Level 5 of the Lair of Beasts
 22037 | Lair:4   | Reached skill level 5 in Invocations
 22336 | Lair:5   | Reached skill level 10 in Fighting
 22437 | Lair:5   | Reached skill level 10 in Spellcasting
 23178 | Lair:5   | Identified the +3 chain mail of Xyaciut {-Tele Rampage
                  | rF+++ MP+9}
 23184 | Lair:5   | Identified the +3 trident of Nyplabokk {elec, rC++}
 23246 | Lair:5   | Found a staircase to the Slime Pits.
 23872 | Orc:1    | Entered Level 1 of the Orcish Mines
 24482 | Orc:2    | Entered Level 2 of the Orcish Mines
 24482 | Orc:2    | Found a staircase to the Elven Halls.
 24843 | Orc:2    | Noticed Saint Roka
 24857 | Orc:2    | Killed Saint Roka
 25014 | Orc:2    | Reached skill level 11 in Air Magic
 25381 | Orc:2    | Reached skill level 10 in Dodging
 25961 | Orc:2    | Reached XP level 16. HP: 103/109 MP: 13/30
 25962 | Orc:2    | Reached skill level 1 in Evocations
 26267 | Orc:2    | Found Melaesh's Assorted Antiques.
 26267 | Orc:2    | Found Samaf's Jewellery Emporium.
 26268 | Orc:2    | Found Guyc's Antique Armour Emporium.
 26268 | Orc:2    | Found Cazem's Book Shoppe.
 26282 | Orc:2    | Bought a dyed leather armour for 130 gold pieces
 26282 | Orc:2    | Bought a glowing leather armour for 130 gold pieces
 26355 | Orc:2    | Bought a ring of flight for 192 gold pieces
 26910 | D:13     | Reached skill level 10 in Armour
 27402 | D:13     | Got Ypsoev's Octavo of Combative Impurities
 27409 | D:13     | Learned a level 5 spell: Lightning Bolt
 27589 | D:13     | Identified the +7 great mace "Vitad" {speed, rC+ rN+ Int-5}
 27616 | D:13     | Found a gate to the Vaults.
 27697 | D:14     | Noticed Kirke
 27702 | D:14     | Killed Kirke
 27798 | D:14     | Found a gate leading to a gauntlet.
 27816 | Gauntlet | Entered a Gauntlet
 27816 | Gauntlet | Found a transporter.
 27816 | Gauntlet | Found a runed translucent door.
 27816 | Gauntlet | Found a runed translucent door.
 27816 | Gauntlet | Found a transporter.
 27816 | Gauntlet | Found a transporter.
 27816 | Gauntlet | Reached ****** piety under Hepliaklqana
 27826 | Gauntlet | Found a transporter.
 27829 | Gauntlet | Found a transporter.
 27840 | Gauntlet | Found a transporter.
 27846 | Gauntlet | Found a runed translucent gate.
 27846 | Gauntlet | Found a runed translucent gate.
 27846 | Gauntlet | Found a runed translucent gate.
 27848 | Gauntlet | Found a transporter.
 27866 | Gauntlet | Found a transporter.
 27871 | Gauntlet | Found a transporter.
 27872 | Gauntlet | Found a transporter.
 27874 | Gauntlet | Found a transporter.
 27884 | Gauntlet | Found a transporter.
 28485 | Gauntlet | Identified the +1 pair of boots of Inuokic {rN+}
 29435 | D:14     | Found a broken altar of Ashenzari.
 29852 | D:15     | Entered Level 15 of the Dungeon
 30091 | D:15     | Learned a level 2 spell: Blink
 30803 | D:15     | Reached skill level 10 in Conjurations
 30816 | D:15     | Reached skill level 1 in Translocations
 31095 | D:15     | Reached skill level 10 in Long Blades
 31122 | D:15     | Found a staircase to the Depths.
 31478 | D:12     | Killed SirDiesAlot's ghost
 32039 | Swamp:1  | Entered Level 1 of the Swamp
 32057 | Swamp:1  | Reached XP level 17. HP: 114/115 MP: 32/32
 32275 | Swamp:1  | Reached skill level 12 in Air Magic
 34284 | Swamp:3  | Reached skill level 5 in Evocations
 35182 | Swamp:3  | Found an opulent altar of Gozag.
 35339 | Swamp:4  | Entered Level 4 of the Swamp
 35520 | Swamp:4  | Found a runed translucent door.
 35524 | Swamp:4  | Noticed chamandro's ghost (journeyman OpTm)
 35603 | Swamp:4  | Reached skill level 13 in Air Magic
 36391 | Swamp:4  | Killed chamandro's ghost
 36741 | Swamp:4  | Reached XP level 18. HP: 107/120 MP: 16/33
 36986 | Swamp:4  | Got a decaying rune of Zot
 37299 | Snake:1  | Entered Level 1 of the Snake Pit
 37886 | Snake:1  | Reached skill level 1 in Shields
 38570 | Snake:2  | Found Diradgh's Antique Weapon Emporium.
 38972 | Snake:2  | Found a transporter.
 39309 | Snake:2  | Found a transporter.
 39680 | Snake:2  | HP: 6/120 [shock serpent/bolt of electricity (8)]
 39681 | Snake:2  | Slain by a shock serpent

Illustrated notes

Levels and vault maps discovered:
D:1:      nzn_arrival_water_spiral, layout_basic, serial_shops,
          nicolae_shop_trees, minmay_door_square
D:2:      layout_rooms, basic_altar, uniq_robin, uniq_jessica
D:3:      layout_loops_ring, portal_sewer_entry_a
D:4:      lemuel_castle_with_subvaults [lemuel_castle_interior_carwin_2],
          layout_gridville, minmay_temple_entry_stoned_glass,
          minmay_tree_intersection, hangedman_decor_riveting, minmay_pentangle
D:5:      minmay_general_purpose_star, layout_gridville, serial_shops,
          nicolae_take_the_stairs, ebering_ghost_gozag
D:6:      layout_rooms, mainiacjoe_overflow_surrounded_room,
          kennysheep_generic_room_7, uniq_duvessa, uniq_prince_ribbit1
D:7:      kennysheep_six_static_rooms, layout_basic, slow_altar_1,
          gammafunk_temple_overflow_wave, enter_ossuary_3, enter_bailey_8,
          minmay_fire_ice_demons
D:8:      layout_gridville, dpeg_lair_monsters, serial_undead, serial_undead_b,
          serial_undead_c, serial_undead_c, serial_undead_e,
          minmay_manual_mullet
D:9:      layout_loops_corners, serial_ice, serial_ice_d, serial_ice_h,
          serial_ice_i, serial_ice_f, kennysheep_nub
D:10:     layout_roguey, ebering_ghost_reflecting_pool, uniq_maggie, uniq_lodul
D:11:     layout_basic, orc_0_dummy, serial_shops, nicolae_shop_trees
D:12:     layout_roguey, maelrawn_ghost_gauntlet_escape
D:13:     layout_gridville, ximxim_vaults_locker_room
D:14:     layout_roguey, nicolae_ashenzari_panopticon, gauntlet_entry_generic,
          uniq_kirke
D:15:     grunt_enter_depths_magical_seal, layout_loops_corners,
          hangedman_decor_lopped
Temple:   dpeg_five_rooms_temple
Lair:1:   layout_chaotic_city, minmay_lair_oklob_items, beast_lair_carwin_10
Lair:2:   layout_roguey, guppyfry_snake_entry_island, special_room
          [special_room_bee], chequers_serial_rivers_small_b
Lair:3:   layout_chaotic_city, minmay_swamp_entry_worms, grunt_megastairs_4,
          serial_bayou_shore_b, uniq_gastronok, uniq_nessos
Lair:4:   layout_gridlike, grunt_forest_large_clearings, lemuel_fruit_tree,
          serial_bayou_shore_b
Lair:5:   minmay_lair_end_frog_pond, layout_loops_ring, slime_entry_1,
          grunt_megastairs_5
Swamp:1:  layout_basic_swamp, evilmike_swamp_ruin_house_1
Swamp:2:  layout_basic_swamp, evilmike_swamp_ruin_house_4
Swamp:3:  layout_basic_swamp, evilmike_swamp_ruin_house_2, swamp_pool4,
          nicolae_swamp_godswood
Swamp:4:  swamp_icy, layout_basic_swamp, hellmonk_ghost_happy_afterlife
Snake:1:  layout_cave_pods
Snake:2:  gammafunk_its_a_trap, layout_cave_town, serial_shops,
          nicolae_stop_n_shop_2
Orc:1:    layout_caves
Orc:2:    st_orc_pillars, layout_diamond_mine, nicolae_orc_stony_grotto,
          uniq_saint_roka

Skill      XL: |  1  2  3  4  5  6  7  8  9 10 11 12 13 14 15 16 17 18 |
---------------+-------------------------------------------------------+-----
Fighting       | 2 3 5 6 7 8 9 10 | 10.0
Armour         | 1 2 3 4 5 6 7 8 9 10 | 10.0
Summonings     | 2 3 5 6 |  6.0
Dodging        | 3 4 5 6 7 9 10 | 10.0
Spellcasting   | 2 3 5 6 7 8 9 10 11 12 | 12.0
Air Magic      | 2 4 7 8 9 10 11 13 | 13.6
Long Blades    | 4 6 7 8 10 11 12 | 12.2
Invocations    | 1 2 4 6 8 9 |  9.6
Conjurations   | 2 6 8 9 10 | 10.0
Evocations     | 4 5 6 |  6.0
Translocations | 1 3 |  3.0
Shields        | 2 |  2.1
Ranged Weapons | |  2.0
Hexes          | |  3.0

Action                   |  1- 3 |  4- 6 |  7- 9 | 10-12 | 13-15 | 16-18 || total
-------------------------+-------+-------+-------+-------+-------+-------++-------
Melee: Dagger            |    20 |   155 |    82 |     8 |       |       ||   265
       Punch             |       |     1 |     3 |     4 |     4 |       ||    12
       War axe           |       |       |   200 |     8 |       |       ||   208
       Scimitar          |       |       |       |   287 |   351 |   307 ||   945
 Fire: Sling             |    74 |   101 |   215 |    40 |       |       ||   430
Throw: Dart              |       |     4 |       |       |       |       ||     4
       Boomerang         |       |       |       |     1 |     1 |     3 ||     5
 Cast: Slow              |       |     7 |       |       |       |       ||     7
       Call Canine Famil |       |     1 |    51 |    32 |    54 |    10 ||   148
       Summon Lightning  |       |       |     3 |    47 |    91 |   105 ||   246
       Airstrike         |       |       |       |    12 |    68 |    65 ||   145
       Arcjolt           |       |       |       |       |    13 |    19 ||    32
       Lightning Bolt    |       |       |       |       |       |    49 ||    49
       Blink             |       |       |       |       |       |     2 ||     2
Invok: Ancestor Life: Ba |       |       |       |     1 |       |       ||     1
       Ancestor Identity |       |       |       |     1 |       |       ||     1
       Recall Ancestor   |       |       |       |     3 |    13 |     5 ||    21
       Idealise          |       |       |       |       |     1 |     4 ||     5
Evoke: Wand              |       |       |     1 |     3 |     2 |       ||     6
       Lightning rod     |       |       |       |       |     7 |     2 ||     9
       Condenser vane    |       |       |       |       |       |     1 ||     1
  Use: Potion            |       |    10 |       |     6 |     5 |     2 ||    23
       Scroll            |       |       |    11 |    11 |     2 |     4 ||    28
 Stab: Distracted        |       |       |     3 |     5 |     9 |    16 ||    33
Armor: Robe              |     5 |    36 |    23 |       |       |       ||    64
       Ring mail         |       |       |    99 |   109 |   114 |    66 ||   388
       Chain mail        |       |       |       |       |    50 |     4 ||    54
       Scale mail        |       |       |       |       |       |    70 ||    70
Dodge: Dodged            |    43 |    91 |   221 |   239 |   263 |   178 ||  1035
       Repelled          |       |       |     2 |     5 |     2 |     8 ||    17
Block: Buckler           |       |       |       |       |    54 |    93 ||   147

Table legend: (Time is in decaauts)
 A = Elapsed time spent in this place.
 B = Non-inter-level travel time spent in this place.
 C = Inter-level travel time spent in this place.
 D = Time resting spent in this place.
 E = Time spent auto-exploring this place.
 F = Levels seen in this place.
 G = Mean time per level.
                   A        B        C        D        E       F      G
               +--------+--------+--------+--------+--------+-----+--------+
         Total |  40089 |  36458 |   3631 |   9500 |  18194 |  32 | 1252.8 |
       Dungeon |  20010 |  17800 |   2210 |   3984 |   9505 |  15 | 1334.0 |
        Temple |    289 |    259 |     30 |      0 |    248 |   1 |  289.0 |
          Lair |   7595 |   6824 |    771 |   1764 |   3645 |   5 | 1519.0 |
         Swamp |   4819 |   4488 |    331 |   1665 |   1932 |   4 | 1204.8 |
     Snake Pit |   2258 |   2170 |     88 |    636 |   1187 |   2 | 1129.0 |
  Orcish Mines |   2564 |   2366 |    198 |    810 |    871 |   2 | 1282.0 |
         Sewer |   1299 |   1299 |      0 |    423 |    532 |   1 | 1299.0 |
       Ossuary |    386 |    386 |      0 |      0 |     69 |   1 |  386.0 |
      Gauntlet |    866 |    866 |      0 |    218 |    204 |   1 |  866.0 |
               +--------+--------+--------+--------+--------+-----+--------+

Top non-repeatable levels by time:
     D:4: 2506 daAuts
  Lair:4: 1804 daAuts
  Lair:3: 1744 daAuts
     D:8: 1728 daAuts
 Swamp:4: 1617 daAuts
   Orc:2: 1537 daAuts
    D:11: 1476 daAuts
    D:10: 1445 daAuts
  Lair:1: 1423 daAuts
     D:5: 1417 daAuts
  Lair:5: 1391 daAuts
     D:7: 1386 daAuts
     D:9: 1382 daAuts
 Swamp:2: 1302 daAuts
    D:15: 1302 daAuts
